 Adventure DCSS version bcrawl-1.27.3 (webtiles) character file.

Game seed: 8840838788034746386

94576 galech the Skirmisher (level 3, 29/29 HPs)
             Began as a Demonspawn Fighter on July 31, 2020.
             Quit the game on level 2 of the Dungeon.
             The game lasted 00:01:55 (1725 turns).

galech the Skirmisher (Demonspawn Fighter)          Turns: 1725, Time: 00:01:56

Health: 29/29      AC:  6    Str: 16    XL:     3   Next: 32%
Magic:  3/3        EV:  5    Int:  9    God:
Gold:   113        SH:  9    Dex: 14    Spells: 2/2 levels left
                                        Lives:  1   Deaths: 1

rFire    . . .     SeeInvis .   a - +0 war axe
rCold    . . .     Gourm    .   c - +0 medium shield
rNeg     . . .     Faith    .   b - +0 scale mail
rPois    .         Spirit   .   (helmet restricted)
rElec    .         Reflect  .   (no cloak)
rCorr    .         Harm     .   (no gloves)
MR       .....                  (no boots)
Stlth    ..........             (no amulet)
HPRegen  0.09/turn              (no ring)
MPRegen  0.08/turn              (no ring)

@: no status effects
A: antennae 1
a: no special abilities


You were on level 2 of the Dungeon.
You were not hungry.

You visited 1 branch of the dungeon, and saw 2 of its levels.

You collected 113 gold pieces.

Inventory:

Hand Weapons
 a - a +0 war axe (weapon)
Armour
 b - a +0 scale mail (worn)
 c - a +0 medium shield (worn)
Scrolls
 h - a scroll of identify
 n - a scroll of enchant weapon
 p - a scroll of blinking {unknown}
Potions
 d - 2 potions of might
 f - a potion of invisibility
 i - a potion of magic
 m - a potion of brilliance {unknown}
 o - a potion of curing {unknown}
 q - a potion of degeneration {unknown}
Comestibles
 e - 5 rations {!d}
 g - 2 chunks of flesh


   Skills:
 + Level 3.4 Fighting
 + Level 2.8 Axes
 + Level 3.1 Armour
 + Level 0.6 Dodging
 + Level 3.2 Shields


You had 2 spell levels left.
You didn't know any spells.
Your spell library was empty.

Dungeon Overview and Level Annotations

Branches:
Dungeon (2/12)

Altars:

Annotations:
D:2 Crazy Yiuf


Innate Abilities, Weirdness & Mutations

You have a pair of small antennae on your head.


Message History

Crazy Yiuf hits you with a +4 quarterstaff of chaos.
* * * LOW HITPOINT WARNING * * *
It was a potion of flight.
Your roots keep you in place.
You flicker for a moment.
Crazy Yiuf hits you but does no damage.
It was a potion of cancellation.
Your magical effects are unravelling.
You feel magically purged.
Your magical contamination has completely faded away.
You feel less wooden.
Your +0 scale mail unmelds from your body.
You flicker back into view.
* * * LOW HITPOINT WARNING * * *
You feel sick.
Crazy Yiuf hits you with a +4 quarterstaff of chaos!
You die...
Xom reaches out...
You are now level 3!
You rejoin the land of the living...
Are you sure you want to abandon this character and quit the game? (Confirm with "yes".)

########<..##.# #.###.##.#
#. ######.# #.# #.##.# #.
#############.# #.# #>##.#
#.
...........##.#####.###.##.#
#.
##########.##.....†.....##.#
#. #.########.######.# #.
######.#####...........# #.
#....>...<.#.##.######## ##
#.####.###.#@##.# #.# #.#
#.#.##.# #.# #.# ########
#####.####.# ........[#.#
##### ###.###....# #)..#
....# #....# #...#
.##.###^#### #.g.#
...........# #†# ######


There were no monsters in sight!

Vanquished Creatures
  3 worms (D:2)
  A dart slug (D:1)
  2 leopard geckos (D:1)
  5 bats
  5 giant cockroaches
  10 hobgoblins
  14 jackals
  2 ball pythons (D:1)
  4 frilled lizards
  7 goblins
  6 kobolds
  12 rats
71 creatures vanquished.

Notes
Turn   | Place    | Note
-------+----------+-------------------------------------------
     0 | D:1      | galech the Demonspawn Fighter began the quest for the Orb.
     0 | D:1      | Reached XP level 1. HP: 18/18 MP: 1/1
    68 | D:1      | Gained mutation: You have a pair of small antennae on your
                  | head. [demonic ancestry]
    68 | D:1      | Reached XP level 2. HP: 21/24 MP: 2/2
   350 | D:1      | Reached XP level 3. HP: 25/29 MP: 3/3
  1080 | D:2      | Reached XP level 4. HP: 35/35 MP: 4/4
  1709 | D:2      | Found a runed door.
  1713 | D:2      | Noticed Crazy Yiuf
  1724 | D:2      | Mangled by Crazy Yiuf
  1725 | D:2      | Reached XP level 3. HP: -9/29 MP: 3/3
  1725 | D:2      | Quit the game

Skill      XL: |  1  2 |
---------------+-------+-----
Axes           | 2 |  2.8
Shields        | 3 |  3.2
Armour         | 3 |  3.1
Fighting       | |  3.4
Dodging        | |  0.6

Action                   |  1- 3 |  4- 6 || total
-------------------------+-------+-------++-------
Melee: War axe           |   130 |    52 ||   182
  Use: Scroll            |     2 |       ||     2
       Potion            |       |     4 ||     4
  Eat: Chunk             |     6 |     4 ||    10
Armor: Scale mail        |   113 |    25 ||   138
       Skin              |       |     1 ||     1
Dodge: Dodged            |    42 |    14 ||    56
Block: Medium shield     |    93 |    26 ||   119
